Map: 16-Bit LE

Players

Nerchio - Winner!

  • Race: Zerg Zerg
  • Spawn Location: 7:00

HellraiseR

  • Race: Protoss Protoss
  • Spawn Location: 1:00

Event: WCS Valencia 2018

VOD

Have the link to the VOD?

Description

Time

  • Played on: July 12, 2018, 10:50 a.m.
  • Length: 10:50

All games in this series

Show
View Real Time Build Order
Export as new Build Order

Nerchio Zerg - Winner!

Build Orders: Hatch First 

Get SALT Encoding   

  12  0:00  Drone  
  13  0:12  Overlord  
  13  0:17  Drone  
  14  0:31  Drone x2  
  14  0:34  Drone  
  17  0:53  Hatchery  
  17  0:56  Drone  
  17  1:00  Drone  
  18  1:09  Extractor  
  17  1:15  Spawning Pool  
  17  1:18  Drone  
  17  1:21  Drone  
  18  1:28  Drone  
  19  1:38  Overlord  
  19  1:49  Drone  
  20  2:02  Queen  
  20  2:04  Zergling x2  
  20  2:05  Queen  
  20  2:06  Zergling x2  
  26  2:11  Metabolic Boost  
  26  2:15  Drone  
  27  2:18  Drone  
  28  2:23  Drone  
  28  2:29  Drone  
  30  2:35  Drone  
  31  2:45  Hatchery  
  31  2:49  Overlord  
  30  2:54  Overlord  
  30  3:06  Queen  
  30  3:08  Drone x3  
  30  3:11  Drone  
  36  3:14  Drone  
  36  3:15  Drone  
  36  3:17  Drone  
  36  3:19  Drone  
  40  3:22  Drone  
  40  3:25  Drone  
  42  3:27  Drone  
  42  3:31  Overlord  
  43  3:35  Drone  
  43  3:39  Lair  
  44  3:43  Overlord  
  44  3:47  Spore Crawler  
  44  3:48  Drone  
  44  3:50  Drone  
  44  3:52  Drone  
  44  3:53  Drone  
  48  3:55  Drone  
  48  3:58  Extractor  
  47  4:02  Roach Warren  
  47  4:03  Drone  
  47  4:05  Drone  
  47  4:07  Drone  
  47  4:09  Extractor, Drone  
  49  4:15  Queen  
  51  4:25  Drone  
  52  4:33  Overlord  
  52  4:38  Overseer  
  52  4:41  Glial Reconstitution  
  52  4:43  Roach x4  
  52  4:44  Roach  
  62  4:46  Roach  
  62  4:51  Roach  
  64  4:55  Drone x7  
  64  4:56  Drone  
  64  4:59  Drone  
  71  5:01  Drone  
  71  5:06  Overlord  
  72  5:09  Overlord  
  72  5:24  Overlord  
  72  5:26  Zergling x12  
  78  5:29  Drone  
  78  5:31  Drone  
  78  5:32  Drone x3  
  78  5:33  Drone  
  84  5:38  Drone  
  84  5:41  Drone x3  
  88  5:43  Hydralisk Den  
  88  5:44  Spore Crawler  
  88  5:47  Spore Crawler, Drone x2  
  88  5:49  Drone  
  88  5:59  Spore Crawler  
  88  6:04  Zergling x6  
  88  6:07  Zergling x4  
  88  6:08  Zergling x4, Queen x2  
  92  6:13  Queen  
  92  6:17  Zergling x4  
  91  6:18  Zergling x2  
  91  6:20  Zergling x2  
  91  6:21  Zergling x2  
  84  6:27  Zergling x2  
  84  6:28  Zergling x4  
  84  6:30  Zergling x2  
  84  6:32  Spore Crawler  
  68  6:36  Drone  
  68  6:38  Drone  
  51  6:41  Drone  
  51  6:44  Queen  
  51  6:46  Drone  
  53  6:48  Drone  
  53  6:51  Drone  
  55  6:55  Drone  
  55  7:00  Drone x2  
  56  7:03  Drone  
  56  7:04  Drone  
  55  7:08  Drone x2  
  55  7:13  Spore Crawler  
  55  7:15  Drone  
  54  7:18  Drone x2  
  54  7:23  Drone  
  54  7:25  Spore Crawler, Drone  
  54  7:26  Drone  
  54  7:28  Drone  
  55  7:34  Queen  
  55  7:38  Queen  
  57  7:48  Queen  
  57  7:49  Spore Crawler  
  58  7:56  Drone x3  
  58  7:58  Hydralisk x2  
  59  8:05  Hydralisk  
  59  8:06  Hydralisk x2  
  59  8:09  Hydralisk  
  59  8:12  Hydralisk  
  67  8:18  Spore Crawler  
  68  8:24  Drone  
  68  8:25  Drone x3  
  68  8:26  Drone  
  72  8:29  Drone  
  72  8:31  Drone x2  
  75  8:34  Drone  
  75  8:35  Drone  
  75  8:40  Drone  
  78  8:41  Drone  
  78  8:45  Muscular Augments, Evolution Chamber  
  78  8:46  Drone  
  79  8:49  Drone x3  
  79  8:52  Overlord  
  82  9:02  Overlord x2  
  82  9:05  Hydralisk x3  
  82  9:06  Hydralisk  
  90  9:10  Spore Crawler  
  90  9:15  Hydralisk x2  
  93  9:19  Spore Crawler  
  93  9:22  Hydralisk x2  
  94  9:24  Hydralisk  
  94  9:29  Hydralisk x2  
  100  9:32  Overlord  
  100  9:36  Hydralisk x2  
  104  9:39  Hydralisk  
  104  9:41  Hydralisk  
  104  9:43  Hydralisk  
  110  9:50  Hydralisk  
  112  9:54  Overlord  
  112  9:56  Hydralisk  
  112  9:59  Extractor  
  113  10:01  Zergling x2  
  113  10:02  Zergling x14  
  113  10:05  Zergling x2, Spore Crawler  
  121  10:08  Zergling x2  
  121  10:12  Overlord x2  
  122  10:16  Zergling x10  
  122  10:18  Zergling x2  
  128  10:25  Zergling x2  
  128  10:26  Zergling x2  
  128  10:28  Overlord x2  
  130  10:32  Drone x2  
  130  10:34  Extractor  
  130  10:35  Extractor  
  129  10:36  Drone  
Show
View Real Time Build Order
Export as new Build Order

HellraiseR Protoss 

Build Orders: 1 Gate Expand, Oracle Opening 

Get SALT Encoding   

  12  0:00  Probe  
  13  0:12  Probe  
  14  0:18  Pylon  
  14  0:21  Probe  
  15  0:32  Probe  
  15  0:38  Gateway  
  15  0:42  Probe  
  16  0:47  Assimilator  
  17  0:54  Probe  
  18  1:06  Probe  
  19  1:21  Nexus  
  19  1:24  Probe  
  20  1:35  Cybernetics Core  
  20  1:37  Probe  
  21  1:42  Assimilator  
  21  1:49  Probe  
  21  1:53  Pylon  
  22  2:01  Stalker, Probe  
  23  2:12  Probe  
  26  2:21  Probe  
  26  2:28  Stargate  
  26  2:29  Probe  
  27  2:31  Probe  
  29  2:38  Warp Gate  
  29  2:39  Probe  
  29  2:40  Probe  
  31  2:48  Adept  
  31  2:50  Probe  
  33  2:52  Probe  
  35  2:59  Assimilator  
  35  3:01  Oracle  
  35  3:02  Probe  
  35  3:04  Probe, Assimilator  
  40  3:14  Probe  
  40  3:16  Probe  
  42  3:24  Pylon  
  42  3:26  Probe  
  43  3:28  Probe  
  43  3:33  Stargate  
  44  3:34  Oracle  
  44  3:38  Probe  
  45  3:43  Probe  
  49  3:48  Pylon  
  49  3:55  Probe  
  50  3:56  Probe, Pylon  
  50  4:02  Oracle  
  51  4:07  Probe, Pylon  
  52  4:10  Probe  
  52  4:12  Oracle  
  59  4:20  Probe  
  60  4:26  Probe  
  61  4:32  Probe  
  62  4:39  Oracle  
  62  4:42  Pylon  
  62  4:44  Oracle  
  68  4:53  Nexus  
  68  5:02  Stargate  
  68  5:06  Oracle  
  68  5:07  Probe x2  
  68  5:08  Shield Battery  
  70  5:19  Probe  
  70  5:20  Probe  
  75  5:21  Oracle  
  75  5:22  Zealot, Pylon  
  80  5:31  Probe  
  80  5:32  Pylon  
  80  5:33  Oracle, Probe  
  82  5:43  Probe  
  82  5:45  Probe  
  90  5:50  Oracle  
  90  5:52  Zealot  
  90  5:55  Probe  
  93  5:57  Assimilator, Probe  
  93  5:59  Assimilator  
  93  6:03  Pylon  
  90  6:05  Void Ray  
  86  6:18  Stalker  
  83  6:19  Probe  
  79  6:27  Oracle  
  79  6:29  Probe  
  79  6:30  Probe  
  72  6:38  Probe  
  60  6:45  Probe x2  
  60  6:46  Zealot  
  61  6:51  Probe  
  61  6:57  Probe  
  61  7:00  Probe  
  61  7:01  Probe  
  61  7:05  Probe  
  57  7:09  Probe  
  57  7:12  Probe  
  57  7:13  Probe  
  59  7:17  Probe  
  59  7:23  Probe  
  59  7:28  Zealot  
  62  7:35  Probe  
  62  7:39  Probe  
  63  7:45  Probe  
  64  7:51  Probe  
  64  7:53  Probe  
  64  7:54  Oracle  
  69  7:59  Probe  
  69  8:02  Probe  
  62  8:11  Probe  
  57  8:14  Probe  
  57  8:17  Oracle  
  61  8:23  Probe  
  61  8:26  Zealot, Probe  
  65  8:30  Oracle  
  65  8:35  Probe  
  65  8:38  Probe  
  70  8:47  Pylon  
  70  8:51  Pylon  
  70  8:52  Pylon  
  70  9:05  Oracle, Probe x2  
  70  9:09  Oracle  
  78  9:17  Probe x2  
  80  9:27  Oracle  
  80  9:30  Probe x2  
  82  9:35  Nexus  
  85  9:42  Probe  
  86  9:46  Twilight Council  
  86  9:47  Pylon  
  86  9:49  Probe  
  86  9:50  Oracle  
  87  9:54  Probe  
  88  10:01  Probe  
  88  10:06  Probe  
  93  10:11  Shield Battery  
  93  10:13  Probe  
  94  10:18  Probe  
  94  10:20  Zealot  
  94  10:43  Zealot  
Tags
 
Add a new tag
Caveats
  • Supply blocks, unpowered buildings, or Contaminate may cause inaccurate times.
  • Supply counts are checked every 10 seconds.